 Dungeon Crawl Stone Soup version 0.26-a0-1106-g6dfc622489 (webtiles) character file.

Game seed: 15898822433257542556

182 KristoblXynda the Skirmisher (level 5, -4/42 HPs)
             Began as a Demonspawn Monk on Dec 16, 2020.
             Slain by an orc
             ... wielding a +0 war axe
              (5 damage)
             ... on level 4 of the Dungeon.
             The game lasted 00:05:23 (3386 turns).

KristoblXynda the Skirmisher (Demonspawn Monk)      Turns: 3386, Time: 00:05:24

Health: -4/42      AC:  6    Str: 12    XL:     5   Next: 35%
Magic:  5/5        EV: 12    Int: 11    God:
Gold:   207        SH:  0    Dex: 16    Spells: 4/4 levels left

rFire    + . .     SeeInvis .     - Unarmed
rCold    . . .     Faith    .   (no shield)
rNeg     . . .     Spirit   .   f - +0 ring mail
rPois    .         Reflect  .   (no helmet)
rElec    .         Harm     .   (no cloak)
rCorr    .         Rampage  .   o - +0 pair of gloves (curse)
Will     .....                  (no boots)
Stlth    ++........             q - amulet of magic regeneration
HPRegen  0.14/turn              j - ring of stealth
MPRegen  0.34/turn              (no ring)

@: no status effects
A: fire resistance 1, flame cloud immunity
a: no special abilities


You were on level 4 of the Dungeon.
You visited 1 branch of the dungeon, and saw 4 of its levels.

You collected 207 gold pieces.

Inventory:

Hand Weapons
 i - a +3 whip of freezing
Armour
 f - a +0 ring mail (worn)
 o - a cursed +0 pair of gloves (worn)
Jewellery
 c - an uncursed amulet of guardian spirit
 j - a ring of stealth (left hand)
 q - an amulet of magic regeneration (around neck)
Scrolls
 e - 5 scrolls of remove curse
 g - a scroll of teleportation
 m - a scroll of enchant weapon
Potions
 a - 2 potions of flight
 d - a potion of cancellation
 h - a potion of brilliance {unknown}
 n - a potion of mutation


   Skills:
 + Level 4.0 Fighting
 + Level 2.1 Armour
 + Level 3.6 Dodging
 - Level 1.7 Stealth
 + Level 3.6 Unarmed Combat


You had 4 spell levels left.
You didn't know any spells.
Your spell library was empty.

Dungeon Overview and Level Annotations

Branches:
Dungeon (4/15)
 Temple: D:4-7

Altars:

Annotations:
D:3 2 transporters


Innate Abilities, Weirdness & Mutations

Your flesh is heat resistant. (rF+)
You are immune to clouds of flame.


Message History

You hit the orc but do no damage.
The orc is lightly wounded.
The orc barely misses you.
You barely miss the orc.
The orc is lightly wounded.
The orc hits you but does no damage.
You hit the orc.
The orc is almost dead.
The orc hits you with a +0 war axe!
* * * LOW HITPOINT WARNING * * *
You hit the orc but do no damage.
The orc is almost dead.
You hit the orc but do no damage.
The orc is almost dead.
The orc hits you with a +0 war axe!
* * * LOW HITPOINT WARNING * * *
You closely miss the orc.
The orc is almost dead.
The orc hits you with a +0 war axe.
You die...

#.# #......l...........
###.###.###.##.##########
#..............#
#.#.........####
#.#####.##### #.# #.# #.#
#.# #.#####.###
#.......@.# #.#####o#.#
#.# #.#.# #.# #.#.# #.#
#.#.# #.# #.#.#
#.....#.#[. ..###.#.###
####


You could see an orc.

Vanquished Creatures
  A wyvern skeleton (D:3)
  A worker ant (D:4)
  3 adders
  An ooze (D:1)
  A worm (D:2)
  A dart slug (D:3)
  2 leopard geckos
  A ball python (D:3)
  12 bats
  3 giant cockroaches
  7 goblins
  5 hobgoblins
  11 jackals
  3 frilled lizards (D:1)
  6 kobolds
  7 rats
65 creatures vanquished.

Vanquished Creatures (others)
  4 toadstools (D:1)
4 creatures vanquished.

Grand Total: 69 creatures vanquished

Notes
Turn   | Place    | Note
-------+----------+-------------------------------------------
     0 | D:1      | KristoblXynda the Demonspawn Monk began the quest for the
                  | Orb.
     0 | D:1      | Reached XP level 1. HP: 18/18 MP: 1/1
   147 | D:1      | Gained mutation: Your flesh is heat resistant. (rF+)
                  | [demonic ancestry]
   147 | D:1      | Reached XP level 2. HP: 19/24 MP: 2/2
   674 | D:1      | Reached skill level 1 in Armour
   756 | D:1      | Gained mutation: You are immune to clouds of flame.
                  | [demonic ancestry]
   756 | D:1      | Reached XP level 3. HP: 29/29 MP: 3/3
  1848 | D:2      | Reached XP level 4. HP: 26/35 MP: 4/4
  2445 | D:3      | Found a transporter.
  2452 | D:3      | Noticed a kobold demonologist
  2476 | D:3      | Found a transporter.
  2722 | D:3      | Reached XP level 5. HP: 42/42 MP: 5/5
  3130 | D:4      | Reached skill level 4 in Fighting
  3385 | D:4      | HP: 1/42 [orc/+0 war axe (7)]
  3386 | D:4      | Slain by an orc

Illustrated notes

Levels and vault maps discovered:
D:1:      ldierk_walled_garden_2, layout_basic, hangedman_decor_diamond_cutter,
          minmay_pentomino_v2
D:2:      layout_loops_ring
D:3:      gammafunk_wand_slinger, layout_basic
D:4:      layout_loops_ring, minmay_temple_entry_statues_fountains,
          cheibrodos_sewer_entry_sluice

Skill      XL: |  1  2  3  4  5 |
---------------+----------------+-----
Unarmed Combat | 3 |  3.6
Armour         | 1 2 |  2.1
Dodging        | 3 |  3.6
Fighting       | 4 |  4.0
Stealth        | |  1.7

Action                   |  1- 3 |  4- 6 || total
-------------------------+-------+-------++-------
Melee: Unarmed           |   179 |   125 ||   304
       Punch             |     1 |     2 ||     3
  Use: Scroll            |     4 |    11 ||    15
       Potion            |     1 |     3 ||     4
 Stab: Sleeping          |     2 |     3 ||     5
Armor: Leather armour    |    10 |       ||    10
       Robe              |     4 |       ||     4
       Ring mail         |    61 |    47 ||   108
Dodge: Dodged            |   117 |    81 ||   198

Table legend: (Time is in decaauts)
 A = Elapsed time spent in this place.
 B = Non-inter-level travel time spent in this place.
 C = Inter-level travel time spent in this place.
 D = Time resting spent in this place.
 E = Time spent auto-exploring this place.
 F = Levels seen in this place.
 G = Mean time per level.
                   A        B        C        D        E       F      G
               +--------+--------+--------+--------+--------+-----+--------+
         Total |   3367 |   3287 |     80 |   1111 |   1350 |   4 |  841.8 |
       Dungeon |   3367 |   3287 |     80 |   1111 |   1350 |   4 |  841.8 |
               +--------+--------+--------+--------+--------+-----+--------+

Top non-repeatable levels by time:
     D:2: 1383 daAuts
     D:1: 1050 daAuts
     D:3: 639 daAuts
     D:4: 294 daAuts
